 Dungeon Crawl Stone Soup version 0.28.0 (webtiles) character file.

Game seed: 2867977843538138576

1429 DungeonDestroyer the Shield-Bearer (level 8, -6/61 (67) HPs)
             Began as a Gnoll Fighter on Feb 7, 2022.
             Was an Initiate of Gozag.
             Mangled by a wight (12 damage)
             ... on level 6 of the Dungeon.
             The game lasted 00:12:11 (4966 turns).

DungeonDestroyer the Shield-Bearer (Gnoll Fighter)  Turns: 4966, Time: 00:12:12

HP:   -6/61 (67)    AC:  8    Str: 32    XL:     8   Next: 73%
MP:   11/11         EV: 10    Int:  7    God:    Gozag
Gold: 402           SH:  5    Dex: 12    Spells: 14/14 levels left

rFire   x . .      SeeInvis .   a - +0 war axe
rCold   . . .      Faith    .   c - +0 buckler
rNeg    . . .      Spirit   .   w - +0 chain mail
rPois   +          Reflect  .   (no helmet)
rElec   .          Harm     .   r - +0 cloak
rCorr   .          Rampage  .   (no gloves)
Will    +++..                   (no boots)
Stlth   ..........              (no amulet)
HPRegen 0.20/turn               s - ring of Xamyihay {Contam rPois rF- Will+++ Str+8}
MPRegen 0.12/turn               u - +6 ring of strength

@: drained
A: fangs 1, strong nose, distributed training, deformed body, deterioration 1,
low MP 1
a: Renounce Religion, Potion Petition, Call Merchant, Bribe Branch


You were on level 6 of the Dungeon.
You worshipped Gozag.
Gozag was aware of your devotion.
You visited 2 branches of the dungeon, and saw 7 of its levels.

You collected 502 gold pieces.
You paid 100 gold pieces to Gozag.

Inventory:

Hand Weapons
 a - a +0 war axe (weapon)
Missiles
 e - 73 bolts
 g - 229 stones (quivered)
 h - 56 arrows
 k - 22 poisoned darts
 m - a throwing net
 p - 3 atropa-tipped darts
Armour
 c - a +0 buckler (worn)
 r - a +0 cloak (worn)
 w - a +0 chain mail (worn)
Jewellery
 f - a +4 ring of evasion
 j - a ring of flight
 n - a ring of magical power
 o - a ring of resist corrosion
 s - the ring of Xamyihay (left hand) {Contam rPois rF- Will+++ Str+8}
   (You acquired it on level 4 of the Dungeon)

   [ring of poison resistance]

   Str:       It affects your strength (+8).
   rF:        It makes you vulnerable to fire.
   rPois:     It protects you from poison.
   Contam:    It causes magical contamination when unequipped.
   Will:      It greatly increases your willpower.
 u - a +6 ring of strength (right hand)
Wands
 d - a wand of paralysis (6)
Scrolls
 q - 8 scrolls of identify
Potions
 i - 2 potions of invisibility
 l - 3 potions of curing
 v - a potion of mutation


   Skills:
 + Level 7.5 Fighting
 + Level 3.5 Short Blades
 + Level 3.5 Long Blades
 + Level 5.8 Axes
 + Level 3.5 Maces & Flails
 + Level 3.5 Polearms
 + Level 3.5 Staves
 + Level 3.5 Slings
 + Level 3.5 Bows
 + Level 3.5 Crossbows
 + Level 3.5 Throwing
 + Level 7.5 Armour
 + Level 3.5 Dodging
 + Level 3.5 Stealth
 + Level 7.5 Shields
 + Level 3.5 Unarmed Combat
 + Level 3.5 Spellcasting
 + Level 2.9 Conjurations
 + Level 2.9 Hexes
 + Level 2.9 Summonings
 + Level 2.9 Necromancy
 + Level 2.9 Translocations
 + Level 2.9 Transmutations
 + Level 2.9 Fire Magic
 + Level 2.9 Ice Magic
 + Level 2.9 Air Magic
 + Level 2.9 Earth Magic
 + Level 2.9 Poison Magic
 + Level 3.9 Invocations
 + Level 3.5 Evocations


You had 14 spell levels left.
You didn't know any spells.
Your spell library contained the following spells:

 Spells                   Type           Power      Damage    Failure   Level
 Foxfire                  Conj/Fire      20%        2x1d5     45%         1
 Conjure Flame            Conj/Fire      5%         6-21      83%         3
 Dazzling Flash           Conj/Hex       10%        N/A       83%         3
 Inner Flame              Hex/Fire       5%         N/A       83%         3
 Flame Wave               Conj/Fire      5%         2d5       99%         4
 Agony                    Necr           5%         N/A       100%        5
 Silence                  Hex/Air        2%         N/A       100%        5


Dungeon Overview and Level Annotations

Branches:
Dungeon (6/15)             Temple (1/1) D:5

Altars:
Ashenzari
Cheibriados
Dithmenos
Elyvilon
Fedhas
Gozag
Hepliaklqana
Kikubaaqudgha
Makhleb
Nemelex Xobeh
Okawaru
Ru
Sif Muna
Trog
Uskayaw
Vehumet
Wu Jian
Xom
Yredelemnul
Zin
The Shining One

Shops:
D:3 (


Innate Abilities, Weirdness & Mutations

You have very sharp teeth.
Your uncanny sense of smell can sniff out nearby items.
Your experience applies equally to all skills.
Armour fits poorly on your strangely shaped body.
Your body sometimes deteriorates upon taking damage.
Your magical capacity is low. (-10% MP)


Message History

The wight hits you with a +0 long sword!
You slash the wight!
You destroy the wight!
The wight hits you with a +3 hand axe of freezing.
The wight freezes you.
Things that are here:
3 gold pieces; a +0 long sword; a +0 robe You slash the wight!
The wight is heavily damaged.
You slash the wight! You hit the wight but do no damage.
The wight hits you with a +0 dire flail.
You block the wight's attack. The wight barely misses you.
You barely miss the wight.
The wight is heavily damaged.
You closely miss the wight. You barely miss the wight.
The wight hits you with a +0 dire flail!
You feel drained.
The wight hits you with a +3 hand axe of freezing.
The wight freezes you. The wight hits you with a +0 mace.
You feel drained. You block the wight's attack. x2
The wight hits you with a +3 hand axe of freezing!
* * * LOW HITPOINT WARNING * * *
You feel drained.
* * * LOW HITPOINT WARNING * * *
The wight freezes you.
* * * LOW HITPOINT WARNING * * *
Unknown command.
Unknown command.
Unknown command.
Unknown command.
As you read the scroll of teleportation, it crumbles to dust.
You feel strangely unstable. The wight hits you but does no damage.
You block the wight's attack.
The wight is distracted by your dazzling golden aura.
As you read the scroll of teleportation, it crumbles to dust.
You feel strangely stable. The ice beast closely misses you.
The wight completely misses you.
The wight hits you with a +3 hand axe of freezing!
You die...
Your body crumbles into a pile of gold.

.....# .....# ..... #
#...# ###.# #...# ....#
#...##### .....+
#...#...# ######.....#
##...#...#####..zzz.[...#
[...............@Y......#
.).......)......>.......#
..............^.#########
....#####.###.#.# #####
#.....#... # #<....#####
# #.....# # #.....# ###
##....#


You could see an ice beast and 3 wights.

Vanquished Creatures
  A sky beast (D:5)
  An ogre (D:5)
  A centaur (D:6)
  8 scorpions (D:5)
  A bullfrog (D:6)
  A killer bee (D:5)
  2 wights (D:6)
  A centaur zombie (D:5)
  2 hounds (D:5)
  An orc priest (D:3)
  A bullfrog skeleton (D:5)
  2 centaur skeletons
  2 iguanas (D:5)
  An orc wizard (D:6)
  A hound skeleton (D:5)
  3 gnolls (D:3)
  4 adders
  2 white imps (D:5)
  A worm (D:5)
  4 dart slugs
  13 orcs
  2 bats (D:1)
  4 endoplasms
  10 giant cockroaches
  7 goblins
  5 hobgoblins
  8 jackals
  2 quokkas (D:3)
  13 ball pythons
  14 frilled lizards
  9 kobolds
  4 rats
  A butterfly (D:5)
132 creatures vanquished.

Vanquished Creatures (others)
  8 plants (D:3)
8 creatures vanquished.

Grand Total: 140 creatures vanquished

Notes
Turn   | Place    | Note
-------+----------+-------------------------------------------
     0 | D:1      | DungeonDestroyer the Gnoll Fighter began the quest for the
                  | Orb.
     0 | D:1      | Reached XP level 1. HP: 23/23 MP: 1/1
   165 | D:1      | Reached XP level 2. HP: 29/29 MP: 2/2
   388 | D:1      | Found a faded altar of an unknown god.
   723 | D:1      | Reached XP level 3. HP: 35/35 MP: 3/3
  1054 | D:2      | Reached skill level 1 in Invocations
  1073 | D:2      | Identified the +2 flail of Absolution {spect, +Blink rF+
                  | Int+4}
  1094 | D:2      | Reached skill level 1 in Short Blades
  1094 | D:2      | Reached skill level 1 in Long Blades
  1094 | D:2      | Reached skill level 1 in Maces & Flails
  1094 | D:2      | Reached skill level 1 in Polearms
  1094 | D:2      | Reached skill level 1 in Staves
  1094 | D:2      | Reached skill level 1 in Slings
  1094 | D:2      | Reached skill level 1 in Bows
  1094 | D:2      | Reached skill level 1 in Crossbows
  1094 | D:2      | Reached skill level 1 in Throwing
  1094 | D:2      | Reached skill level 1 in Dodging
  1094 | D:2      | Reached skill level 1 in Stealth
  1094 | D:2      | Reached skill level 1 in Unarmed Combat
  1094 | D:2      | Reached skill level 1 in Spellcasting
  1094 | D:2      | Reached skill level 1 in Evocations
  1147 | D:2      | Reached XP level 4. HP: 39/41 MP: 5/5
  1607 | D:3      | Reached skill level 1 in Conjurations
  1607 | D:3      | Reached skill level 1 in Hexes
  1607 | D:3      | Reached skill level 1 in Summonings
  1607 | D:3      | Reached skill level 1 in Necromancy
  1607 | D:3      | Reached skill level 1 in Translocations
  1607 | D:3      | Reached skill level 1 in Transmutations
  1607 | D:3      | Reached skill level 1 in Fire Magic
  1607 | D:3      | Reached skill level 1 in Ice Magic
  1607 | D:3      | Reached skill level 1 in Air Magic
  1607 | D:3      | Reached skill level 1 in Earth Magic
  1607 | D:3      | Reached skill level 1 in Poison Magic
  1611 | D:3      | Reached XP level 5. HP: 47/47 MP: 6/6
  1613 | D:3      | Found Kopoist Jics's Weapon Boutique.
  2273 | D:4      | Reached XP level 6. HP: 53/53 MP: 8/8
  2640 | D:4      | Identified a scroll of acquirement
  2640 | D:4      | Acquired the ring of Xamyihay {Contam rPois rF- Will+++
                  | Str+8}
  2646 | D:4      | Gained mutation: Armour fits poorly on your strangely
                  | shaped body. [potion of mutation]
  2646 | D:4      | Gained mutation: Your body sometimes deteriorates upon
                  | taking damage. [potion of mutation]
  2646 | D:4      | Gained mutation: Your magical capacity is low. (-10% MP)
                  | [potion of mutation]
  2727 | D:5      | Entered Level 5 of the Dungeon
  2780 | D:5      | Reached skill level 5 in Axes
  2905 | D:5      | Noticed a sky beast
  2919 | D:5      | Killed a sky beast
  2920 | D:5      | Reached XP level 7. HP: 25/60 MP: 9/9
  3108 | D:5      | Found a staircase to the Ecumenical Temple.
  3155 | Temple   | Entered the Ecumenical Temple
  3690 | Temple   | Became a worshipper of Gozag Ym Sagoz the Greedy
  3827 | D:5      | Found a runed translucent door.
  3921 | D:5      | Found a runed translucent door.
  4065 | D:5      | Found a broken altar of Ashenzari.
  4070 | D:5      | Found a radiant altar of Vehumet.
  4070 | D:5      | Found a glowing golden altar of the Shining One.
  4071 | D:5      | Found a sparkling altar of Nemelex Xobeh.
  4238 | D:5      | Reached XP level 8. HP: 41/67 MP: 9/11
  4966 | D:6      | Mangled by a wight

Illustrated notes

Levels and vault maps discovered:
D:1:      dpeg_arrival_shrine, layout_basic,
          shapermc_ecumenical_altar_totnotflames, minmay_surrounded
D:2:      layout_basic
D:3:      layout_rooms, serial_shops, shop, minmay_lizard_king
D:4:      layout_rooms
D:5:      lemuel_insect_pit, layout_rooms, mainiacjoe_overflow_alcove_3,
          minmay_temple_entry_statues_pillars
D:6:      layout_basic
Temple:   minmay_temple_bridge_d

Skill      XL: |  1  2  3  4  5  6  7  8 |
---------------+-------------------------+-----
Invocations    | 1 2 3 |  3.9
Short Blades   | 1 2 3 |  3.5
Long Blades    | 1 2 3 |  3.5
Maces & Flails | 1 2 3 |  3.5
Polearms       | 1 2 3 |  3.5
Staves         | 1 2 3 |  3.5
Slings         | 1 2 3 |  3.5
Bows           | 1 2 3 |  3.5
Crossbows      | 1 2 3 |  3.5
Throwing       | 1 2 3 |  3.5
Dodging        | 1 2 3 |  3.5
Stealth        | 1 2 3 |  3.5
Unarmed Combat | 1 2 3 |  3.5
Spellcasting   | 1 2 3 |  3.5
Evocations     | 1 2 3 |  3.5
Conjurations   | 1 2 |  2.9
Hexes          | 1 2 |  2.9
Summonings     | 1 2 |  2.9
Necromancy     | 1 2 |  2.9
Translocations | 1 2 |  2.9
Transmutations | 1 2 |  2.9
Fire Magic     | 1 2 |  2.9
Ice Magic      | 1 2 |  2.9
Air Magic      | 1 2 |  2.9
Earth Magic    | 1 2 |  2.9
Poison Magic   | 1 2 |  2.9
Axes           | 5 |  5.8
Fighting       | 7 |  7.5
Armour         | 7 |  7.5
Shields        | 7 |  7.5

Action                   |  1- 3 |  4- 6 |  7- 9 || total
-------------------------+-------+-------+-------++-------
Melee: War axe           |    86 |   160 |    78 ||   324
       Bite              |     3 |     9 |     8 ||    20
  Use: Potion            |     1 |     7 |     1 ||     9
       Scroll            |     3 |     4 |     4 ||    11
 Stab: Distracted        |       |       |     1 ||     1
Armor: Scale mail        |    40 |    56 |    21 ||   117
       Chain mail        |       |       |    14 ||    14
Dodge: Dodged            |    39 |   106 |    45 ||   190
Block: Buckler           |    27 |    41 |    26 ||    94
